 Dungeon Crawl Stone Soup version 0.18.1-8-gdd0e5ea (webtiles) character file.

64 Hipnos the Digger (level 4, 0/24 HPs)
             Began as a Gargoyle Earth Elementalist on May 31, 2016.
             Slain by Natasha (1 damage)
             ... on level 2 of the Dungeon.
             The game lasted 00:04:28 (1429 turns).

Hipnos the Digger (Gargoyle Earth Elementalist)     Turns: 1429, Time: 00:04:28

Health: 0/24       AC:  8    Str: 17    XL:     4   Next: 12%
Magic:  7/7        EV: 11    Int: 16    God:
Gold:   67         SH:  0    Dex: 10    Spells: 1 memorised, 6 levels left

rFire  . . .     SeeInvis .     e - +1 mace (crush)
rCold  . . .     Gourm    .     m - +0 ring mail
rNeg   + . .     Faith    .     (no shield)
rPois  ∞         Spirit   .     (no helmet)
rElec  +         Dismiss  .     (no cloak)
rCorr  .         Reflect  .     (no gloves)
SustAt .         Harm     .     (no boots)
MR     .....                    (no amulet)
Stlth  +.........               j - ring of poison resistance
                                i - +5 ring of strength

@: flying, very slightly contaminated, invisible, not resistant to hostile
enchantments, very unstealthy
A: negative energy resistance 1, electricity resistance, unbreathing,
petrification resistance, rot immunity, AC +3
a: no special abilities


You were on level 2 of the Dungeon.
You were not hungry.

You visited 1 branch of the dungeon, and saw 2 of its levels.

You collected 67 gold pieces.

Inventory:

Hand Weapons
 e - a +1 mace of crushing (weapon)
Missiles
 b - 61 stones (quivered)
Armour
 a - a +0 robe
 h - a +0 leather armour
 m - a +0 ring mail (worn)
Jewellery
 i - a +5 ring of strength (left hand)
 j - a ring of poison resistance (right hand)
Scrolls
 f - a scroll of identify
 n - a scroll of noise
 o - a scroll of remove curse
Potions
 g - a potion of flight
Books
 c - a book of Geomancy

   Spells                             Type                      Level
   a - Sandblast                      Earth                        1
   b - Passwall                       Transmutation/Earth          2
   c - Stone Arrow                    Conjuration/Earth            3
   d - Petrify                        Transmutation/Earth          4
   e - Lee's Rapid Deconstruction     Earth                        5
Comestibles
 d - 2 bread rations
 l - 3 chunks of flesh


   Skills:
 + Level 0.4 Fighting
 * Level 1.3 Maces & Flails
 + Level 1.2 Armour
 + Level 2.0 Dodging
 - Level 2.1 Stealth
 + Level 2.1 Spellcasting
   Level 0.7 Transmutations
 * Level 4.5 Earth Magic


You had 6 spell levels left.
You knew the following spells:

 Your Spells              Type           Power        Failure   Level  Hunger
a - Sandblast             Erth           ###...       8%          1    #......


Dungeon Overview and Level Annotations

Branches:
Dungeon (2/15)

Altars:

Annotations:
D:2 Natasha


Innate Abilities, Weirdness & Mutations

You are resistant to torment.
Your stone body is resilient (AC +3).
You are immune to poison.
You resist negative energy.
You are resistant to electric shocks.
You can survive without breathing.
You are immune to petrification.
You are immune to rotting.


Message History

Read which item? (? for menu, Esc to quit)
As you read the scroll labeled LOUTTO AFAV, it crumbles to dust.
You hear a loud clanging noise!
It was a scroll of noise.
You hear a shout!
Natasha closely misses you. The white imp gestures at you.
The puff of frost misses you.
Read which item? (? for menu, Esc to quit)
As you read the scroll labeled BEERAU HAUDULI, it crumbles to dust.
You feel blessed for a moment.
It was a scroll of remove curse.
Natasha claws you.
* * * LOW HITPOINT WARNING * * *
The white imp hits you but does no damage.
Read which item? (? for menu, Esc to quit)
As you read the scroll labeled BICOGOFEALOS, it crumbles to dust.
It is a scroll of identify.
You don't have any unidentified items.
Natasha claws you.
You die...

#...+.......)......
#...####.#.........
#...# #...........
#...# #...........
##.## #...........
#.## #.#.........
#..# #.##'#######
##.# #.##5##### #.#
#.##.@hb.# #.#
#.#####.......
#######.####.#
.......
#..........#.#
.(.....
#..........#.#
.b.....
#...(......#.#
.......
#..........#.#
h......
#..........#.#
.......
#########..#.#


You could see Natasha, a white imp and a bat.

Vanquished Creatures
  2 adders (D:2)
  2 dart slugs (D:1)
  A giant gecko (D:2)
  A giant cockroach (D:1)
  7 goblins
  9 hobgoblins
  2 jackals (D:1)
  5 bats
  A giant newt (D:2)
  6 kobolds
  3 rats
39 creatures vanquished.

Notes
Turn   | Place    | Note
--------------------------------------------------------------
     0 | D:1      | Hipnos the Gargoyle Earth Elementalist began the quest for the Orb.
     0 | D:1      | Reached XP level 1. HP: 10/10 MP: 3/3
   160 | D:1      | Reached XP level 2. HP: 4/15 MP: 5/5
   161 | D:1      | Reached skill level 4 in Earth Magic
   577 | D:1      | Reached XP level 3. HP: 13/19 MP: 6/6
  1067 | D:1      | Reached skill level 1 in Maces & Flails
  1394 | D:2      | Reached skill level 1 in Armour
  1394 | D:2      | Reached XP level 4. HP: 23/24 MP: 5/7
  1410 | D:2      | Noticed Natasha
  1428 | D:2      | HP: 1/24 [Natasha (1)]
  1429 | D:2      | Slain by Natasha

Skill      XL: |  1  2  3 |
---------------+----------+-----
Earth Magic    | 4 |  4.5
Maces & Flails | 1 |  1.3
Dodging        | 2 |  2.0
Armour         | 1 |  1.2
Fighting       | |  0.4
Stealth        | |  2.1
Spellcasting   | |  2.1
Transmutations | |  0.7

Action                   |  1- 3 |  4- 6 || total
-------------------------+-------+-------++-------
Melee: Mace              |   102 |     8 ||   110
 Cast: Sandblast         |     8 |       ||     8
  Use: Potion            |     1 |     3 ||     4
       Scroll            |       |     3 ||     3
 Stab: Sleeping          |     3 |       ||     3
  Eat: Chunk             |     2 |       ||     2
Armor: Robe              |     2 |       ||     2
       Leather armour    |    23 |       ||    23
       Ring mail         |    24 |     4 ||    28
Dodge: Dodged            |    74 |     9 ||    83
